 Dungeon Crawl Stone Soup version 0.28-a0-872-g80cf8599ee (webtiles) character file.

Game seed: 13396588169328695012

3066 jbasstz the Basher (level 9, -8/81 HPs)
             Began as a Minotaur Berserker on Nov 20, 2021.
             Was an Elder of Trog.
             Mangled by Harold (16 damage)
             ... on level 7 of the Dungeon.
             The game lasted 00:28:40 (8930 turns).

jbasstz the Basher (Minotaur Berserker)             Turns: 8930, Time: 00:28:40

Health: -8/81      AC:  8    Str: 26    XL:     9   Next: 57%
Magic:  8/8        EV: 12    Int:  4    God:    Trog [****..]
Gold:   312        SH: 13    Dex:  9    Spells: 8/8 levels left

rFire   . . .      SeeInvis .   w - +1 morningstar (holy)
rCold   . . .      Faith    .   u - +2 tower shield
rNeg    . . .      Spirit   .   f - +0 ring mail
rPois   .          Reflect  .   (helmet restricted)
rElec   .          Harm     .   x - +0 cloak
rCorr   .          Rampage  .   (no gloves)
Will    .....                   (no boots)
Stlth   +.........              (no amulet)
HPRegen 0.23/turn               k - +4 ring of evasion
MPRegen 0.11/turn               (no ring)

@: marked
A: horns 2, retaliatory headbutt
a: Renounce Religion, Berserk, Trog's Hand, Brothers in Arms


You were on level 7 of the Dungeon.
You worshipped Trog.
Trog was greatly pleased with you.
You visited 1 branch of the dungeon, and saw 7 of its levels.

You collected 312 gold pieces.

Inventory:

Hand Weapons
 a - a +0 mace
 q - a +0 vorpal mace
 w - a +1 morningstar of holy wrath (weapon)
Armour
 b - a +0 animal skin
 f - a +0 ring mail (worn)
 u - a +2 tower shield (worn)
 x - a +0 cloak (worn)
Jewellery
 k - a +4 ring of evasion (left hand)
 y - a ring of willpower
Wands
 z - a wand of iceblast (8)
 A - a wand of paralysis (10)
Scrolls
 c - 4 scrolls of vulnerability {unknown}
 d - 5 scrolls of teleportation {unknown}
 g - 3 scrolls of identify {unknown}
 i - 4 scrolls of amnesia {unknown}
 l - a scroll of fog {unknown}
 n - a scroll of enchant weapon {unknown}
 s - a scroll of noise {unknown}
 B - a scroll of summoning {unknown}
 C - a scroll of fear {unknown}
 D - a scroll of enchant armour {unknown}
 E - a scroll of blinking {unknown}
Potions
 e - 4 potions of flight {unknown}
 h - 3 potions of curing {unknown}
 j - 2 potions of might {unknown}
 m - a potion of mutation {unknown}
 p - a potion of attraction {unknown}
 r - a potion of invisibility {unknown}
 t - a potion of haste {unknown}
 v - a potion of lignification {unknown}
 F - a potion of heal wounds {unknown}


   Skills:
 + Level 7.8 Fighting
 + Level 10.3 Maces & Flails
 + Level 7.9 Armour
 + Level 5.4 Dodging
 + Level 2.0 Stealth
 + Level 4.1 Shields


You had 8 spell levels left.
You didn't know any spells.
Your spell library contained the following spells:

 Spells                   Type           Power      Damage    Failure   Level
 Animate Skeleton         Necr           0%         N/A       100%        1
 Apportation              Tloc           0%         N/A       100%        1
 Summon Small Mammal      Summ           0%         N/A       100%        1
 Ensorcelled Hibernation  Hex/Ice        0%         N/A       100%        2
 Call Canine Familiar     Summ           0%         N/A       100%        3
 Gell's Gravitas          Tloc           0%         N/A       100%        3
 Lesser Beckoning         Tloc           0%         N/A       100%        3
 Spider Form              Tmut/Pois      0%         N/A       100%        3
 Summon Guardian Golem    Hex/Summ       0%         N/A       100%        3
 Teleport Other           Tloc           0%         N/A       100%        3
 Blade Hands              Tmut           0%         N/A       100%        5
 Irradiate                Conj/Tmut      0%         3d14      100%        5
 Dragon Form              Tmut           0%         N/A       100%        7


Dungeon Overview and Level Annotations

Branches:
Dungeon (7/15)
 Temple: D:4-7

Altars:
Cheibriados
Makhleb
Okawaru
Sif Muna
Wu Jian
Xom

Shops:
D:4 (   D:5 (

Annotations:
D:7 Harold


Innate Abilities, Weirdness & Mutations

You have a pair of horns on your head.
You reflexively headbutt those who attack you in melee.


Message History

Harold is moderately wounded.
Harold struggles against the net.
The net rips apart, and Harold comes free!
You closely miss Harold.
Harold is moderately wounded.
Harold hits you with a +3 flail of protection!
You hit Harold.
Harold is moderately wounded.
Harold hits you with a +3 flail of protection.
Harold points at you and mumbles some strange words.
The mark upon you grows brighter.
You puncture Harold!
Harold is heavily wounded.
Harold hits you with a +3 flail of protection!
You closely miss Harold.
Harold is heavily wounded.
A centaur skeleton comes into view.
Harold hits you with a +3 flail of protection! x2
You closely miss Harold. Your headbutt misses Harold.
Harold is heavily wounded.
You block Harold's attack.
Harold says, "Bounty hunting has been great, but I can't wait to retire."
You see here a throwing net.
Harold throws a throwing net.
The throwing net hits you.
You become entangled in the net!
You see here a throwing net.
You struggle against the net.
You struggle against the net.
Harold casts a spell at you. The mark upon you grows brighter.
You struggle against the net.
The centaur skeleton hits you but does no damage.
The centaur skeleton kicks you but does no damage.
Harold hits you with a +3 flail of protection!!
* * * LOW HITPOINT WARNING * * *
You rip the net and break free!
The centaur skeleton hits you but does no damage.
You block the centaur skeleton's attack.
Harold hits you with a +3 flail of protection!
You die...

.........#
.......(.#
........#
####....##
#.....#
#.....#
#.....# #
#@Z...#
#.##
#@#+###
#....#...#
#........#
#........#
#.......<#
##...##..#
#... ####
#... #...


You could see Harold and a centaur skeleton.

Vanquished Creatures
  Pikel (D:3)
  A wyvern (D:4)
  6 yaks (D:5)
  2 ice beasts (D:6)
  2 sky beasts (D:6)
  An ogre (D:5)
  2 lemures (D:4)
  A phantom (D:4)
  A scorpion (D:5)
  A gnoll sergeant (D:6)
  A wyvern zombie (D:4)
  A water moccasin zombie (D:5)
  A howler monkey (D:5)
  A bullfrog zombie (D:4)
  A hound (D:5)
  2 jellies
  2 centaur skeletons
  An iguana (D:5)
  Natasha (thrice) (D:3)
  2 gnoll shamans
  5 orc wizards
  A hound skeleton (D:5)
  19 gnolls
  5 adders
  3 river rats (D:4)
  3 worms
  3 dart slugs (D:3)
  11 orcs
  9 ball pythons
  7 bats
  5 endoplasms
  3 giant cockroaches
  14 goblins
  10 hobgoblins
  4 jackals (D:4)
  4 quokkas
  3 training dummies (D:4)
  4 frilled lizards
  4 kobolds
  5 rats
155 creatures vanquished.

Vanquished Creatures (others)
  A plant (D:5)
1 creature vanquished.

Grand Total: 156 creatures vanquished

Notes
Turn   | Place    | Note
-------+----------+-------------------------------------------
     0 | D:1      | jbasstz the Minotaur Berserker began the quest for the Orb.
     0 | D:1      | Reached XP level 1. HP: 19/19 MP: 0/0
   167 | D:1      | Reached XP level 2. HP: 15/27 MP: 1/1
   422 | D:1      | Found a faded altar of an unknown god.
   425 | D:1      | Reached skill level 4 in Maces & Flails
   931 | D:2      | Reached ** piety under Trog
   949 | D:2      | Reached XP level 3. HP: 33/33 MP: 2/2
  1721 | D:3      | Noticed Natasha
  1727 | D:3      | Killed Natasha
  1728 | D:3      | Reached skill level 5 in Maces & Flails
  1728 | D:3      | Reached XP level 4. HP: 35/41 MP: 3/3
  1771 | D:3      | Found a burning altar of Makhleb.
  1846 | D:3      | Noticed Natasha
  1853 | D:3      | Killed Natasha
  2203 | D:3      | Noticed Natasha
  2216 | D:3      | Killed Natasha
  2217 | D:3      | Reached XP level 5. HP: 23/47 MP: 4/4
  2698 | D:4      | Noticed a phantom
  2714 | D:4      | Killed a phantom
  2941 | D:4      | Found Mimn's Firing Range.
  2990 | D:4      | Noticed Pikel
  2990 | D:4      | Noticed a lemure
  2990 | D:4      | Noticed a lemure
  2990 | D:4      | Noticed a lemure
  2990 | D:4      | Noticed a lemure
  3018 | D:4      | Reached XP level 6. HP: 43/53 MP: 5/5
  3122 | D:4      | Reached *** piety under Trog
  3123 | D:4      | Reached skill level 6 in Maces & Flails
  3126 | D:4      | Reached skill level 1 in Stealth
  3521 | D:4      | Reached skill level 5 in Fighting
  3923 | D:3      | Killed Pikel
  3924 | D:3      | Reached skill level 7 in Maces & Flails
  3924 | D:3      | Reached skill level 5 in Armour
  3924 | D:3      | Reached XP level 7. HP: 19/62 MP: 6/6
  4329 | D:4      | Reached skill level 8 in Maces & Flails
  4527 | D:4      | Noticed a wyvern
  4538 | D:4      | Killed a wyvern
  4539 | D:4      | Reached XP level 8. HP: 49/70 MP: 7/7
  4956 | D:5      | Entered Level 5 of the Dungeon
  5753 | D:5      | Reached skill level 1 in Shields
  5754 | D:5      | Reached **** piety under Trog
  5809 | D:5      | Found an ornate altar of the Wu Jian Council.
  6001 | D:5      | Reached skill level 9 in Maces & Flails
  6393 | D:5      | Found a snail-covered altar of Cheibriados.
  6394 | D:5      | Found a shimmering altar of Xom.
  6395 | D:5      | Found an iron altar of Okawaru.
  6928 | D:5      | Found Cuqih's Hydra Hut.
  6929 | D:5      | Noticed a seven-headed hydra
  7060 | D:5      | Found a shimmering blue altar of Sif Muna.
  7162 | D:5      | Reached XP level 9. HP: 69/78 MP: 8/8
  7170 | D:5      | Reached skill level 5 in Dodging
  7546 | D:5      | Reached skill level 10 in Maces & Flails
  8900 | D:7      | Noticed Harold
  8930 | D:7      | Mangled by Harold

Illustrated notes

Levels and vault maps discovered:
D:1:      lightli_arrival_chessboard, layout_loops_ring,
          hellmonk_ecumenical_altar_prayer_group, serial_park_tiny_2,
          nicolae_concentric_dashed_squares_mild
D:2:      kennysheep_the_goblin_king, layout_basic, minmay_misc_feat_diagonals,
          nicolae_figureground_sparkle
D:3:      layout_loops_ring, bloody_makhleb, uniq_natasha
D:4:      layout_loops_cross, portal_sewer_entry_e, nicolae_shop_firing_range,
          uniq_pikel
D:5:      layout_loops_cross, nicolae_wu_jian_wuxing_cycle,
          kennysheep_orc_sif_temple, chequers_temple_overflow_statue_of_worship,
          doesnt_shop_hydraphobe
D:6:      layout_basic
D:7:      layout_gridville, trog_ov_bears_minmay, minmay_temple_entry_slanted,
          minmay_crystal_water, minmay_manual_moon, uniq_joseph, uniq_harold

Skill      XL: |  1  2  3  4  5  6  7  8  9 |
---------------+----------------------------+-----
Fighting       | 4 5 6 7 |  7.8
Maces & Flails | 4 5 7 8 9 10 | 10.3
Armour         | 3 4 5 6 7 |  7.9
Dodging        | 3 4 5 |  5.4
Stealth        | 1 2 |  2.0
Shields        | 2 4 |  4.1

Action                   |  1- 3 |  4- 6 |  7- 9 || total
-------------------------+-------+-------+-------++-------
Melee: Mace              |    88 |   134 |    82 ||   304
       Headbutt          |    13 |    20 |    40 ||    73
       Morningstar       |       |       |   130 ||   130
Throw: Throwing net      |       |       |     2 ||     2
 Stab: Sleeping          |     1 |       |       ||     1
       Held in net/web   |       |       |     1 ||     1
Armor: Animal skin       |     6 |       |       ||     6
       Ring mail         |    19 |    16 |    50 ||    85
Dodge: Dodged            |    74 |    98 |   116 ||   288
Block: Tower shield      |       |       |   142 ||   142

Table legend: (Time is in decaauts)
 A = Elapsed time spent in this place.
 B = Non-inter-level travel time spent in this place.
 C = Inter-level travel time spent in this place.
 D = Time resting spent in this place.
 E = Time spent auto-exploring this place.
 F = Levels seen in this place.
 G = Mean time per level.
                   A        B        C        D        E       F      G
               +--------+--------+--------+--------+--------+-----+--------+
         Total |   9061 |   9034 |     27 |   2349 |   4854 |   7 | 1294.4 |
       Dungeon |   9061 |   9034 |     27 |   2349 |   4854 |   7 | 1294.4 |
               +--------+--------+--------+--------+--------+-----+--------+

Top non-repeatable levels by time:
     D:4: 2623 daAuts
     D:3: 1776 daAuts
     D:5: 1742 daAuts
     D:6: 1175 daAuts
     D:2: 886 daAuts
     D:1: 810 daAuts
     D:7: 46 daAuts
